 Dungeon Crawl Stone Soup version 0.28.0-45-g0d030f2227 (webtiles) character file.

Game seed: 8889972005674083347

12052 Peloso the Protected (level 11, 0/100 HPs)
             Began as a Minotaur Fighter on Apr 22, 2022.
             Was a High Priest of Okawaru.
             Killed from afar by an electric eel (16 damage)
             ... with a bolt of electricity
             ... on level 8 of the Dungeon.
             The game lasted 00:38:18 (10357 turns).

Peloso the Protected (Minotaur Fighter)            Turns: 10357, Time: 00:38:19

Health: 0/100      AC: 28    Str: 34    XL:     11   Next: 57%
Magic:  19/19      EV:  8    Int:  5    God:    Okawaru [*****.]
Gold:   626        SH:  6    Dex: 13    Spells: 10/10 levels left

rFire   . . .      SeeInvis .   b - +6 short sword "Gomouhoo" {spect, rPois rN+ Will+ MP+9}
rCold   . . .      Faith    .   h - +0 buckler
rNeg    + . .      Spirit   .   P - +2 crystal plate armour
rPois   +          Reflect  .   (helmet restricted)
rElec   .          Harm     .   n - +0 cloak
rCorr   .          Rampage  .   o - +0 pair of gloves
Will    +....                   s - +0 pair of boots
Stlth   ..........              (no amulet)
HPRegen 0.26/turn               e - +6 ring of strength
MPRegen 0.16/turn               j - +6 ring of strength

@: very slow
A: horns 2, retaliatory headbutt
a: Renounce Religion, Heroism, Finesse, Duel


You were on level 8 of the Dungeon.
You worshipped Okawaru.
Okawaru was extremely pleased with you.
You visited 2 branches of the dungeon, and saw 12 of its levels.
You also visited: Sewer.

You collected 626 gold pieces.

Inventory:

Hand Weapons
 a - a +1 long sword
 b - the +6 short sword "Gomouhoo" (weapon) {spect, rPois rN+ Will+ MP+9}
   (You found it on level 2 of the Dungeon)

   When its wielder attacks, the weapon's spirit leaps out and strikes again.
   The spirit shares a part of any damage it takes with its wielder.
   rPois:     It protects you from poison.
   rN:        It protects you from negative energy.
   MP:        It affects your magic capacity (+9).
   Will:      It increases your willpower.
 c - a +3 spear of flaming
Missiles
 z - 3 throwing nets (quivered)
Armour
 h - a +0 buckler (worn)
 n - a +0 cloak (worn)
 o - a +0 pair of gloves (worn)
 s - a +0 pair of boots (worn)
 P - a +2 crystal plate armour (worn)
Jewellery
 e - a +6 ring of strength (left hand)
 j - a +6 ring of strength (right hand)
 w - a ring of poison resistance
 x - a +6 ring of dexterity
 K - an amulet of faith
Wands
 r - a wand of charming (13)
 D - a wand of digging (11)
Scrolls
 i - 2 scrolls of enchant armour
 l - a scroll of silence
 q - 5 scrolls of teleportation
 t - 3 scrolls of fear
 v - a scroll of noise
 y - 4 scrolls of immolation
 E - a scroll of acquirement
 G - a scroll of blinking
 H - a scroll of enchant weapon
 N - a scroll of magic mapping
 O - a scroll of fog {unknown}
Potions
 d - a potion of might
 f - 10 potions of mutation
 k - a potion of magic
 m - 2 potions of brilliance
 p - 7 potions of haste
 u - 4 potions of curing
 A - 2 potions of cancellation
 B - a potion of resistance
 C - a potion of invisibility {unknown}
 I - a potion of heal wounds
 J - 3 potions of degeneration {unknown}
 L - 4 potions of ambrosia {unknown}


   Skills:
 + Level 10.2 Fighting
 + Level 11.4(11.7) Short Blades
 + Level 4.2(9.1) Long Blades
 + Level 12.8 Armour
 + Level 4.0 Dodging
 + Level 3.2 Stealth
 + Level 7.2 Shields
 + Level 0.6 Invocations


You had 10 spell levels left.
You didn't know any spells.
Your spell library contained the following spells:

 Spells                   Type           Power      Damage    Failure   Level
 Pain                     Necr           0%         1d4       100%        1
 Shock                    Conj/Air       0%         1d3       100%        1
 Sublimation of Blood     Necr           0%         N/A       100%        2
 Frozen Ramparts          Ice            0%         1d2       100%        3
 Swiftness                Air            0%         N/A       100%        3
 Vampiric Draining        Necr           0%         2d6       100%        3
 Airstrike                Air            0%         N/A       100%        4
 Cause Fear               Hex            0%         N/A       100%        4
 Ice Form                 Ice/Tmut       0%         N/A       100%        4
 Olgreb's Toxic Radiance  Pois           0%         N/A       100%        4
 Petrify                  Tmut/Erth      0%         N/A       100%        4
 Irradiate                Conj/Tmut      0%         3d13      100%        5
 Metabolic Englaciation   Hex/Ice        0%         N/A       100%        5
 Statue Form              Tmut/Erth      0%         N/A       100%        6
 Dragon Form              Tmut           0%         N/A       100%        7
 Ozocubu's Refrigeration  Ice            0%         4d5       100%        7
 Ignition                 Fire           0%         3d3       100%        8
 Animate Skeleton         Necr           Unusable   N/A       N/A         1
 Summon Ice Beast         Ice/Summ       Unusable   N/A       N/A         4
 Dragon's Call            Summ           Unusable   N/A       N/A         9

Dungeon Overview and Level Annotations

Branches:
Dungeon (11/15)            Temple (1/1) D:5            Lair (0/6) D:9
    Orc (0/2) D:10          Sewer (visited)

Altars:
Ashenzari
Cheibriados
Elyvilon
Fedhas
Gozag
Hepliaklqana
Kikubaaqudgha
Makhleb
Nemelex Xobeh
Okawaru
Ru
Sif Muna
Vehumet
Xom
Yredelemnul
Zin
The Shining One
Beogh

Annotations:
D:6 1 runed translucent door, Faeu's ghost, novice MiFi


Innate Abilities, Weirdness & Mutations

You have a pair of horns on your head.
You reflexively headbutt those who attack you in melee.


Message History

The jelly quivers.
The electric eel shoots out a bolt of lightning at you!
The bolt of electricity hits you!
The electric eel shoots out a bolt of lightning at you!
The bolt of electricity hits you.
The electric eel shoots out a bolt of lightning at you!
The bolt of electricity hits the plant!
The plant begins to die.
The bolt of electricity hits the plant!
The plant begins to die.
The bolt of electricity hits you!
The electric eel shoots out a bolt of lightning at you!
The bolt of electricity hits the electric eel.
The electric eel completely resists.
The bolt of electricity hits the plant!
The plant begins to die.
The bolt of electricity hits the plant! x2
The plant begins to die.
The bolt of electricity hits the plant!
The bolt of electricity hits you!
You enter the shallow water.
Moving in this stuff is going to be slow.
A nearby plant withers and dies.
The electric eel shoots out a bolt of lightning at you!
The bolt of electricity hits the plant.
The bolt of electricity hits the plant!
The bolt of electricity hits you.
The electric eel shoots out a bolt of lightning at you!
The bolt of electricity hits you but does no damage.
The electric eel shoots out a bolt of lightning at you!
The bolt of electricity hits you but does no damage.
The electric eel shoots out a bolt of lightning at you!
The bolt of electricity hits the plant! x2; The bolt of electricity hits you!
The electric eel shoots out a bolt of lightning at you!
The bolt of electricity hits you!
* * * LOW HITPOINT WARNING * * *
The electric eel shoots out a bolt of lightning at you!
The bolt of electricity hits the electric eel.
The electric eel completely resists.
The bolt of electricity hits you.
* * * LOW HITPOINT WARNING * * *
The electric eel shoots out a bolt of lightning at you!
The bolt of electricity hits you!
* * * LOW HITPOINT WARNING * * *
The electric eel shoots out a bolt of lightning at you!
The bolt of electricity hits the plant! x2; The bolt of electricity hits you!
You die...

.............P≈♣≈).#
#.>....# ##.≈♣≈♣.#
#......#######..≈#.#
....##......<[.###.#
###.#.......[).###.#♣♣♣♣
....#.#####.)[≈≈≈≈P≈P≈≈≈
###.#.# #...≈≈≈≈≈≈≈≈≈≈ #
#.#.# #...≈≈≈≈PP≈≈≈≈
..#.# #....≈@S≈≈P≈≈≈
##..#.# #...≈JP≈≈≈≈≈≈≈
#...#.#####.....≈PPSS≈≈≈
.#..#..........≈≈≈≈P≈≈≈≈
.#......>......≈≈≈≈≈S≈≈≈
..#.#.#####....≈≈≈≈≈≈≈≈≈
....#.# #....≈≈P≈≈≈≈≈≈P
.(###.# #....P≈≈≈≈≈≈≈♣♣
.## #.# #..


You could see a jelly and 4 electric eels.

Vanquished Creatures
  Josephine (D:11)
  Harold (D:8)
  A two-headed ogre (D:11)
  Nergalle (D:10)
  Maurice (D:8)
  A gargoyle (D:10)
  A kobold demonologist (D:9)
  3 hornets
  A troll (D:11)
  Prince Ribbit (D:9)
  Grinder (D:4)
  A vampire (D:11)
  A shadow (D:9)
  7 wraiths
  2 wyverns
  5 yaks
  3 vampire mosquitoes (D:9)
  Menkaure (D:4)
  An acid dragon (D:10)
  2 water moccasins (D:6)
  2 ice beasts
  3 orc warriors
  An ogre (D:5)
  2 black bears
  A necrophage (D:3)
  A centaur (D:8)
  5 kobold brigands
  3 bullfrogs
  4 scorpions
  A gnoll sergeant (D:11)
  A water moccasin zombie (D:5)
  2 wyvern skeletons
  10 killer bees (D:9)
  9 wights
  2 howler monkeys
  A bullfrog zombie (D:6)
  5 centaur zombies
  A hound (D:6)
  2 bullfrog skeletons
  4 jellies
  Crazy Yiuf (D:3)
  A centaur skeleton (D:6)
  An orc priest (D:9)
  2 iguanas
  Natasha (thrice) (D:2)
  4 orc wizards
  A killer bee zombie (D:6)
  A hound skeleton (D:4)
  Robin (D:2)
  3 gnolls (D:11)
  3 river rats
  9 adders
  3 shadow imps
  2 ufetubi (D:6)
  5 worms
  20 orcs
  11 ball pythons
  11 endoplasms
  5 giant cockroaches
  A hobgoblin (D:1)
  9 jackals
  28 kobolds
  3 quokkas
  5 bats
  5 frilled lizards
  18 goblins
  10 rats
262 creatures vanquished.

Vanquished Creatures (others)
  7 fungi (D:9)
  25 plants
32 creatures vanquished.

Grand Total: 294 creatures vanquished

Notes
Turn   | Place    | Note
-------+----------+-------------------------------------------
     0 | D:1      | Peloso the Minotaur Fighter began the quest for the Orb.
     0 | D:1      | Reached XP level 1. HP: 19/19 MP: 0/0
   352 | D:1      | Reached XP level 2. HP: 24/27 MP: 1/1
   596 | D:1      | Reached skill level 4 in Armour
  1029 | D:1      | Noticed an orc warrior
  1283 | D:1      | Reached XP level 3. HP: 28/33 MP: 2/2
  1337 | D:2      | Noticed a scorpion
  1339 | D:2      | Noticed Robin
  1352 | D:1      | Killed a scorpion
  1353 | D:1      | Reached XP level 4. HP: 22/41 MP: 3/3
  1567 | D:2      | Killed Robin
  1639 | D:2      | Identified the +6 short sword "Gomouhoo" {spect, rPois rN+
                  | Will+ MP+9}
  1736 | D:2      | Noticed Natasha
  1739 | D:2      | Killed Natasha
  1740 | D:2      | Reached XP level 5. HP: 46/47 MP: 4/4
  1774 | D:2      | Noticed Natasha
  1778 | D:2      | Killed Natasha
  1779 | D:2      | Reached skill level 1 in Dodging
  1819 | D:2      | Reached skill level 5 in Armour
  1831 | D:2      | Noticed Natasha
  1835 | D:2      | Killed Natasha
  2045 | D:3      | Reached skill level 5 in Fighting
  2525 | D:3      | Noticed a necrophage
  2529 | D:3      | Killed a necrophage
  2530 | D:3      | Reached skill level 1 in Short Blades
  2530 | D:3      | Reached XP level 6. HP: 56/56 MP: 5/5
  2718 | D:3      | Found a runed translucent door.
  2719 | D:3      | Noticed Crazy Yiuf
  2727 | D:3      | Killed Crazy Yiuf
  3111 | D:4      | Reached skill level 1 in Stealth
  3121 | D:4      | Noticed Menkaure
  3123 | D:4      | Noticed Grinder
  3124 | D:4      | Killed Menkaure
  3125 | D:4      | Reached XP level 7. HP: 61/61 MP: 6/6
  3134 | D:4      | Killed Grinder
  3135 | D:4      | Reached skill level 6 in Armour
  3382 | D:4      | Found a sparkling altar of Nemelex Xobeh.
  3572 | D:5      | Entered Level 5 of the Dungeon
  3609 | D:5      | Reached skill level 5 in Short Blades
  3617 | D:5      | Reached XP level 8. HP: 46/70 MP: 7/7
  3849 | D:5      | Found a snail-covered altar of Cheibriados.
  3901 | D:5      | Found a staircase to the Ecumenical Temple.
  3999 | D:5      | Reached skill level 7 in Armour
  3999 | D:5      | Reached skill level 5 in Shields
  4390 | Temple   | Entered the Ecumenical Temple
  4400 | Temple   | Became a worshipper of Warmaster Okawaru
  4481 | D:6      | Noticed Faeu's ghost (novice MiFi)
  4678 | D:6      | Found a glowing drain.
  4687 | Sewer    | Entered a sewer
  4821 | Sewer    | Found a viscous altar of Jiyva.
  5139 | D:6      | Reached * piety under Okawaru
  5140 | D:6      | Reached skill level 8 in Armour
  5140 | D:6      | Reached XP level 9. HP: 43/78 MP: 8/8
  5426 | D:6      | Found a runed translucent door.
  5846 | D:7      | Reached ** piety under Okawaru
  5917 | D:7      | Found an opulent altar of Gozag.
  6010 | D:7      | Reached skill level 9 in Armour
  6595 | D:8      | Noticed Harold
  6613 | D:8      | Killed Harold
  6903 | D:7      | Identified a scroll of acquirement
  7074 | D:8      | Noticed Maurice
  7083 | D:8      | Killed Maurice
  7083 | D:8      | Reached *** piety under Okawaru
  7084 | D:8      | Reached skill level 10 in Armour
  7084 | D:8      | Reached XP level 10. HP: 82/88 MP: 9/9
  7147 | D:8      | Found a glowing silver altar of Zin.
  7147 | D:8      | Found a white marble altar of Elyvilon.
  7631 | D:9      | Found an ancient bone altar of Kikubaaqudgha.
  7674 | D:9      | Found a hazy altar of Hepliaklqana.
  7696 | D:9      | Noticed Prince Ribbit
  7715 | D:9      | Killed Prince Ribbit
  8090 | D:9      | Reached **** piety under Okawaru
  8120 | D:9      | Reached skill level 11 in Armour
  8322 | D:9      | Found a blossoming altar of Fedhas.
  8330 | D:9      | Found a staircase to the Lair.
  8417 | D:9      | Reached skill level 10 in Short Blades
  8543 | D:10     | Entered Level 10 of the Dungeon
  8613 | D:10     | Found a staircase to the Orcish Mines.
  8634 | D:10     | Noticed a gargoyle
  8647 | D:10     | Killed a gargoyle
  8924 | D:10     | Found a basalt altar of Yredelemnul.
  8936 | D:10     | Noticed Nergalle
  8946 | D:10     | Killed Nergalle
  8947 | D:10     | Reached XP level 11. HP: 95/97 MP: 10/10
  9101 | D:10     | Found a radiant altar of Vehumet.
  9363 | D:11     | Reached ***** piety under Okawaru
  9388 | D:11     | Reached skill level 12 in Armour
  9569 | D:11     | Received a gift from Okawaru
  9678 | D:11     | Noticed a two-headed ogre
  9684 | D:11     | Killed a two-headed ogre
  9877 | D:11     | Noticed Josephine
  9887 | D:11     | Killed Josephine
  9888 | D:11     | Reached skill level 10 in Fighting
 10357 | D:8      | Killed from afar by an electric eel

Illustrated notes

Levels and vault maps discovered:
D:1:      erik_arrival_cave_to_civilisation [erik_arrival_cave_to_temple],
          layout_basic
D:2:      layout_rooms, uniq_natasha, uniq_robin
D:3:      layout_loops_ring, uniq_crazy_yiuf_cottage
D:4:      layout_loops_ring, nemelex_spade_bored_becter,
          kennysheep_small_circle, uniq_grinder, uniq_menkaure
D:5:      layout_cave_pools, cheibriados_altar_1,
          minmay_temple_entry_nine_rooms, st_stairs_2
D:6:      layout_loops_ring, lightli_sewer_entry_pipes,
          hellmonk_ghost_happy_afterlife, minmay_misc_feat_enclosed,
          minmay_circle_x
D:7:      layout_gridville, grunt_gozag_breadcrumbs
D:8:      layout_loops_ring, chequers_temple_overflow_statue_of_worship,
          serial_bayou, serial_bayou_shore_a, serial_bayou_pond_d,
          serial_bayou_shore_b, serial_bayou_shore_b, uniq_maurice, uniq_harold
D:9:      layout_roguey, fedhas_altar_3, nicolae_hepliaklqana_hazy_memory,
          kiku_gazebo_garden_becter, uniq_prince_ribbit1
D:10:     layout_rooms, nicolae_vehumet_altar_sigil, yredelemnul_altar_generic,
          orc_0_dummy, uniq_nergalle
D:11:     layout_gridville, serial_glass, glass_columns_c, glass_columns_b,
          glass_columns_c, glass_columns_c, glass_columns_a, glass_columns_b,
          glass_columns_c, glass_columns_b, nzn_life_drinkers, uniq_josephine
Temple:   pdpol_scorched_temple

Skill      XL: |  1  2  3  4  5  6  7  8  9 10 11 |
---------------+----------------------------------+-----
Fighting       | 4 5 6 7 9 10 | 10.2
Armour         | 4 5 6 8 10 11 12 | 12.8
Shields        | 4 5 6 7 |  7.2
Long Blades    | 3 4 |  4.2
Dodging        | 1 2 3 4 |  4.0
Short Blades   | 1 3 5 7 9 10 11 | 11.4
Stealth        | 1 2 3 |  3.2
Invocations    | |  0.6

Action                   |  1- 3 |  4- 6 |  7- 9 | 10-12 || total
-------------------------+-------+-------+-------+-------++-------
Melee: Long sword        |    47 |    15 |       |       ||    62
       Headbutt          |     8 |    11 |    41 |    62 ||   122
       Short sword       |       |    57 |   215 |   229 ||   501
Invok: Heroism           |       |       |       |     3 ||     3
  Use: Scroll            |     3 |     4 |     8 |     6 ||    21
       Potion            |       |       |     1 |       ||     1
 Stab: Distracted        |       |     1 |     1 |     3 ||     5
Armor: Scale mail        |    32 |    31 |       |       ||    63
       Chain mail        |       |    11 |    74 |    75 ||   160
       Crystal plate arm |       |       |       |    27 ||    27
Dodge: Dodged            |    32 |    37 |    57 |    86 ||   212
Block: Buckler           |    14 |    18 |    40 |    39 ||   111
